AoeStats
← rettet_den_Wald

Black Forest

507989202Analyzed
2v2 RM · 13d ago on Sep 20, 2026· 69m 52s· 4 players
Game mode
Random Map
Map size
Medium (4 player)
Population
200
Speed
Normal
Resources
Standard
Victory
Conquest
Starting age
Dark Age
Ending age
Imperial Age
RankedLock teamsTeams togetherTeam positionsShared explorationLock speedFull tech treeHidden civsTurbo modeCheats
Victory
Defeat
🇩🇪 Armenians · Germany
927
+16
🇩🇪 Hindustanis · Germany
899
+17
🇨🇳 Poles · China
939
-17
🇨🇳 Britons · China
920
-16
rettet_den_Wald
0:42 Loom
14:40 Feudal Age
19:45 Castle Age
19:03 Horse Collar
19:13 Double-Bit Axe
22:36 Wheelbarrow
25:58 Heavy Plow
26:15 Bow Saw
27:09 Hand Cart
26:53 Fishing Lines
30:23 Gold Mining
30:27 Stone Mining
34:54 Imperial Age
33:22 Bloodlines
33:16 Husbandry
34:11 Town Watch
34:35 Squires
34:42 Scale Mail Armor
34:53 Forging
34:49 Scale Barding Armor
35:10 Medium Warships
34:52 Gillnets
35:40 Heavy Camel Rider
37:03 Iron Casting
36:45 Chain Mail Armor
36:21 Fletching
36:32 Padded Archer Armor
36:41 Town Patrol
37:29 Conscription
38:17 Grand Trunk Road
38:58 Hoardings
38:01 Onager
39:00 Masonry
39:04 Fortified Wall
39:58 Caravan
39:41 Elite Ghulam
41:49 Two-Man Saw
42:05 Ballistics
42:46 Chemistry
42:03 Shatagni
42:13 Bodkin Arrow
42:38 Leather Archer Armor
44:47 Chain Barding Armor
45:28 Blast Furnace
44:30 Bracer
44:41 Siege Engineers
47:38 Plate Barding Armor
47:35 Ring Archer Armor
51:17 Imperial Camel Rider
54:50 Stone Shaft Mining
54:51 Gold Shaft Mining
egon
0:32 Loom
0:36 Loom
13:29 Feudal Age
17:40 Castle Age
16:46 Double-Bit Axe
16:41 Horse Collar
18:22 Wheelbarrow
19:14 Bow Saw
29:30 Hand Cart
29:02 Town Watch
30:56 Squires
30:58 Scale Mail Armor
30:49 Fletching
32:43 Heavy Plow
32:35 Gold Mining
32:35 Stone Mining
33:04 Chain Mail Armor
32:44 Bodkin Arrow
33:00 Forging
35:25 Imperial Age
34:23 Gold Shaft Mining
33:51 Padded Archer Armor
33:16 Elite Skirmisher
34:41 Town Patrol
34:59 Fortified Wall
35:09 Ballistics
34:45 Murder Holes
35:00 Masonry
36:20 Bracer
36:51 Plate Mail Armor
36:56 Iron Casting
36:37 Leather Archer Armor
36:27 Scale Barding Armor
37:40 Fishing Lines
38:11 Caravan
39:07 Conscription
38:59 Fereters
39:30 Hoardings
39:05 Devotion
39:30 Sanctity
39:51 Fervor
39:38 Arson
39:55 Onager
41:33 Heavy Scorpion
59:10 Capped Ram
66:08 Blast Furnace
65:38 Ring Archer Armor
65:29 Chain Barding Armor
66:13 Chemistry
Henrik
0:27 Loom
13:50 Feudal Age
14:15 Horse Collar
14:25 Double-Bit Axe
21:31 Castle Age
19:37 Stone Mining
19:40 Gold Mining
21:02 Wheelbarrow
21:17 Bloodlines
20:59 Arson
22:52 Bow Saw
23:33 Heavy Plow
25:58 Light Cavalry
28:08 Stone Shaft Mining
30:24 Hand Cart
33:46 Imperial Age
31:57 Husbandry
33:26 Szlachta Privileges
35:37 Chemistry
35:04 Conscription
34:34 Winged Hussar
35:44 Fortified Wall
35:39 Scale Mail Armor
35:50 Forging
35:48 Scale Barding Armor
35:39 Pikeman
36:19 Squires
37:11 Crop Rotation
37:28 Lechitic Legacy
37:49 Cavalier
37:56 Elite Obuch
40:25 Iron Casting
40:06 Chain Mail Armor
40:43 Onager
42:41 Ballistics
42:35 Masonry
49:26 Elite Skirmisher
50:12 Thumb Ring
54:26 Caravan
Letty
0:40 Loom
11:41 Feudal Age
19:38 Castle Age
17:49 Double-Bit Axe
17:57 Horse Collar
19:44 Wheelbarrow
20:39 Bow Saw
20:33 Heavy Plow
20:27 Stone Mining
28:32 Gold Mining
33:24 Imperial Age
30:56 Pikeman
31:01 Elite Skirmisher
31:19 Crossbowman
33:10 Hand Cart
32:41 Town Watch
34:02 Gold Shaft Mining
33:55 Fletching
34:06 Padded Archer Armor
35:13 Two-Man Saw
34:20 Town Patrol
34:21 Arbalester
36:34 Conscription
37:19 Yeomen
37:13 Squires
37:29 Forging
37:53 Ballistics
38:50 Iron Casting
38:18 Bodkin Arrow
38:39 Leather Archer Armor
38:01 Halberdier
39:47 Scale Mail Armor
40:41 Warwolf
41:44 Bracer
42:02 Chain Mail Armor
42:27 Gambesons
43:17 Ring Archer Armor
44:54 Man-at-Arms
48:13 Long Swordsman
50:44 Caravan
54:31 Blast Furnace
54:02 Plate Mail Armor
54:07 Two-Handed Swordsman
58:54 Onager
Connection lost

Rejoining the realm…

Still unreachable

The connection could not be restored.

Session expired

The server has moved on; the page needs a fresh start.